 Dungeon Crawl Stone Soup version 0.32-a0-520-g344ed53f66 (webtiles) character file.

Game seed: 2797317912659777852

29 lunkers the Firebug (level 3, 0/26 HPs)
             Began as a Mountain Dwarf Fire Elementalist on Feb 27, 2024.
             Succumbed to an adder's poison
             ... on level 2 of the Dungeon.
             The game lasted 00:01:18 (1377 turns).

lunkers the Firebug (MDFE)                          Turns: 1377, Time: 00:01:19

Health: 0/26       AC:  3    Str: 10    XL:     3   Next: 1%
Magic:  3/5        EV: 11    Int: 17    God:
Gold:   35         SH:  0    Dex: 10    Spells: 2/5 levels left

rFire   . . .        e - +0 dagger
rCold   . . .        (no shield)
rNeg    . . .        a - +0 robe
rPois   .            (no helmet)
rElec   .            (no cloak)
rCorr   .            (no gloves)
SInv    .            g - +0 pair of boots
Will    .....        (no amulet)
Stlth   ++           (no ring)
HPRegen 0.24/turn    (no ring)
MPRegen 0.09/turn

%: no passive effects
@: lethally poisoned (0 -> -2), attractive
A: runic magic, artefact enchanting
a: no special abilities


You were on level 2 of the Dungeon.
You visited 1 branch of the dungeon, and saw 2 of its levels.

You collected 35 gold pieces.

Inventory:

Hand Weapons
 e - a +0 dagger (weapon)
Armour
 a - a +0 robe (worn)
 g - a +0 pair of boots (worn)
Jewellery
 f - an amulet of guardian spirit
Scrolls
 c - a scroll of noise {unknown}
 h - 3 scrolls of identify {unknown}
 i - a scroll of poison {unknown}
 j - a scroll of fog {unknown}
 k - a scroll of teleportation {unknown}
 l - a scroll of torment {unknown}


   Skills:
 - Level 1.3 Dodging
 - Level 1.4 Stealth
 - Level 1.7 Spellcasting
 - Level 0.8 Conjurations
 * Level 5.1 Fire Magic


You had 2 spell levels left.
You knew the following spells:

 Your Spells              Type           Power      Damage    Failure   Level
b - Scorch                Fire           38%        2d6       3%          2
c - Foxfire               Conj/Fire      44%        2x1d6     6%          1

Your spell library contained the following spells:

 Spells                   Type           Power      Damage    Failure   Level
 Inner Flame              Hex/Fire       10%        N/A       21%         3
 Volatile Blastmotes      Fire/Tloc      20%        2d11      21%         3
 Flame Wave               Conj/Fire      11%        2d6       50%         4


Dungeon Overview and Level Annotations

Branches:
Dungeon (2/15)

Altars:


Innate Abilities, Weirdness & Mutations

Your spellcasting is much less encumbered by armour.
You can use scrolls of enchantment on lesser artefacts.


Message History

The adder is lightly wounded.
You feel sick. The adder misses you.
Unknown command.
You miss the adder.
The adder is lightly wounded.
You feel sick. The adder barely misses you.
Unknown command.
You hit the adder.
The adder is moderately wounded.
You feel sick. The adder bites you.
* * * LOW HITPOINT WARNING * * *
You are lethally poisoned!
The adder poisons you! The adder barely misses you.
Magic courses through your body.
* * * LOW HITPOINT WARNING * * *
You feel sick. The adder bites you but does no damage.
Your magical contamination has completely faded away.
Unknown command.
Casting: Foxfire (safe; 7% risk of failure)
Confirm with . or Enter, or press ? or * to list all spells.
Flames lash the adder.
You kill the adder!
* * * LOW HITPOINT WARNING * * *
You feel sick.
Your Fire Magic skill increases to level 5!
You have reached level 3!
Your experience leads to an increase in your attributes!
Increase (S)trength, (I)ntelligence, or (D)exterity?
You feel clever. x2
Okay, then.
Okay, then.
It was a potion of attraction.
You feel attractive to monsters.
* * * LOW HITPOINT WARNING * * *
You feel sick.
* * * LOW HITPOINT WARNING * * *
You feel sick.
* * * LOW HITPOINT WARNING * * *
You feel sick.
You die...

.. ....####.# .#
###......##
#.#.....).#
#.#######.# ..# #.#
. #.# #.# ... #.#
#.#
.....###.#######.##
...........@......#
+#+#####.##########
...# #####


There were no monsters in sight!

Vanquished Creatures
  An adder (D:2)
  A ribbon worm (D:2)
  A ball python (D:1)
  2 endoplasms (D:1)
  A giant cockroach (D:1)
  4 goblins (D:1)
  A hobgoblin (D:1)
  2 jackals (D:1)
  A frilled lizard (D:1)
  A rat (D:2)
15 creatures vanquished.

Vanquished Creatures (others)
  44 foxfires (D:1)
44 creatures vanquished.

Grand Total: 59 creatures vanquished

Notes
Turn   | Place    | Note
-------+----------+-------------------------------------------
     0 | D:1      | lunkers the Mountain Dwarf Fire Elementalist began the
                  | quest for the Orb.
     0 | D:1      | Reached XP level 1. HP: 14/14 MP: 3/3
   300 | D:1      | Reached skill level 4 in Fire Magic
   567 | D:1      | Reached XP level 2. HP: 20/20 MP: 1/4
   780 | D:1      | Learned a level 2 spell: Scorch
  1374 | D:2      | Reached skill level 5 in Fire Magic
  1374 | D:2      | Reached XP level 3. HP: 4/26 MP: 2/5
  1375 | D:2      | HP: 1/26 [poisoned by an adder]
  1377 | D:2      | Succumbed to an adder's poison

Illustrated notes

Levels and vault maps discovered:
D:1:      minmay_arrival_widening_spiral_wide, layout_basic
D:2:      layout_basic, serial_corexii_hall, corexii_hall_statues_i,
          corexii_hall_statues_i, chequers_hall_statues_corner_a,
          chequers_hall_statues_corner_a

Skill      XL: |  1  2 |
---------------+-------+-----
Fire Magic     | 4 5 |  5.1
Dodging        | |  1.3
Stealth        | |  1.4
Spellcasting   | |  1.7
Conjurations   | |  0.8

Action                     || total
---------------------------++-------
  Melee: Dagger            ||    14
   Cast: Foxfire           ||    26
         Scorch            ||     3
    Use: Potion            ||     2
   Stab: Sleeping          ||     1
 Armour: Robe              ||     5
  Dodge: Dodged            ||    10

Table legend: (Time is in decaauts)
 A = Elapsed time spent in this place.
 B = Non-inter-level travel time spent in this place.
 C = Inter-level travel time spent in this place.
 D = Time resting spent in this place.
 E = Time spent auto-exploring this place.
 F = Levels seen in this place.
 G = Mean time per level.
                   A        B        C        D        E       F      G
               +--------+--------+--------+--------+--------+-----+--------+
         Total |   1376 |   1223 |    153 |      0 |   1102 |   2 |  688.0 |
       Dungeon |   1376 |   1223 |    153 |      0 |   1102 |   2 |  688.0 |
               +--------+--------+--------+--------+--------+-----+--------+

Top non-repeatable levels by time:
     D:1: 1309 daAuts
     D:2: 66 daAuts
